| TOP OF THE 1ST |
|
Hudson Valley Renegades batting - Pitching for Los Angeles (NYP) Angels : RHP Tim Mumpower
|
|
Pitching: RHP Tim Mumpower
|
|
|
Batting: LHB Dan Hunt
|
0-0: Ball 1-0: Called Strike 1-1: Swinging Strike 1-2: Strikes out swinging
|
|
Batting: SHB Josif Popovski
|
0-0: SINGLE (Line Drive, 7S, EV 104.4 MPH)
|
|
Batting: LHB Jonathan Spino
|
0-0: Called Strike Josif Popovski steals 2nd base 0-1: Ball 1-1: Called Strike 1-2: Foul Ball, location: 2F 1-2: Fly out, F9 (Flyball, 89M, EV 93.1 MPH)
|
|
Batting: LHB Rocky Crowley
|
0-0: Called Strike 0-1: Foul Ball, location: 2F 0-2: Strikes out swinging
|
| Top of the 1st over - 0 runs, 1 hit, 0 errors, 1 left on base; Hudson Valley 0 - Los Angeles (NYP) 0 |
| BOTTOM OF THE 1ST |
|
Los Angeles (NYP) Angels batting - Pitching for Hudson Valley Renegades : RHP Cameron Bianchi
|
|
Pitching: RHP Cameron Bianchi
|
|
|
Batting: RHB Nick Lombardo
|
0-0: Foul Ball, location: 2F 0-1: Called Strike 0-2: Ball 1-2: Ground out 6-3 (Groundball, 6, EV 103.1 MPH)
|
|
Batting: RHB Ricky Mejicanos
|
0-0: Called Strike 0-1: Ball 1-1: Called Strike 1-2: Ball 2-2: Ball 3-2: Ground out 5-3 (Groundball, 5S, EV 88.1 MPH)
|
|
Batting: RHB Kyler Seitz
|
0-0: Ball 1-0: Ball 2-0: Ball 3-0: Called Strike 3-1: Called Strike 3-2: Strikes out swinging
|
| Bottom of the 1st over - 0 runs, 0 hits, 0 errors, 0 left on base; Hudson Valley 0 - Los Angeles (NYP) 0 |
| TOP OF THE 2ND |
|
Hudson Valley Renegades batting - Pitching for Los Angeles (NYP) Angels : RHP Tim Mumpower
|
|
Batting: RHB Alex Koral
|
0-0: Foul Ball, location: 2F 0-1: Ball 1-1: Foul Ball, location: 2F 1-2: Strikes out swinging
|
|
Batting: LHB Helmut Steggall
|
0-0: Called Strike 0-1: Ball 1-1: Ball 2-1: Called Strike 2-2: Ball 3-2: Foul Ball, location: 2F 3-2: Ground out 4-3 (Groundball, 4, EV 84.4 MPH)
|
|
Batting: RHB Joe Hartigan
|
0-0: Ball 1-0: Fly out, F4 (Line Drive, 34D, EV 71.9 MPH)
|
| Top of the 2nd over - 0 runs, 0 hits, 0 errors, 0 left on base; Hudson Valley 0 - Los Angeles (NYP) 0 |
| BOTTOM OF THE 2ND |
|
Los Angeles (NYP) Angels batting - Pitching for Hudson Valley Renegades : RHP Cameron Bianchi
|
|
Batting: LHB Mutsuo IIda
|
0-0: Ball 1-0: Foul Ball, location: 2F 1-1: Ball 2-1: Called Strike 2-2: Strikes out swinging, 2-3 out at first.
|
|
Batting: RHB Dean LeCroy
|
0-0: Called Strike 0-1: Ball 1-1: Ball 2-1: Ball 3-1: Called Strike 3-2: Fly out, F7 (Flyball, 7D, EV 76.9 MPH)
|
|
Batting: RHB Dan Myers
|
0-0: Called Strike 0-1: Fly out, F4 (Line Drive, 4, EV 72.5 MPH)
|
| Bottom of the 2nd over - 0 runs, 0 hits, 0 errors, 0 left on base; Hudson Valley 0 - Los Angeles (NYP) 0 |
| TOP OF THE 3RD |
|
Hudson Valley Renegades batting - Pitching for Los Angeles (NYP) Angels : RHP Tim Mumpower
|
|
Batting: RHB Evan Chalarian
|
0-0: Ball 1-0: Ball 2-0: Foul Ball, location: 2F 2-1: Ball 3-1: Base on Balls
|
|
Batting: RHB Jesus Carrillo
|
0-0: Ball 1-0: Fielders Choice at 2nd, 6-4 (Groundball, 6, EV 87.5 MPH)
|
|
Batting: LHB Dan Hunt
|
0-0: Ball Jesus Carrillo steals 2nd base 1-0: Called Strike 1-1: Reached on error, E4 (Groundball, 4, EV 83.8 MPH) Jesus Carrillo to third
|
|
Batting: SHB Josif Popovski
|
0-0: Called Strike Dan Hunt steals 2nd base 0-1: Foul Ball, location: 2F 0-2: Ball 1-2: Ball 2-2: Strikes out swinging
|
|
Batting: LHB Jonathan Spino
|
0-0: Ball 1-0: Swinging Strike 1-1: Ball 2-1: Ball 3-1: Base on Balls
|
|
Batting: LHB Rocky Crowley
|
0-0: Called Strike 0-1: Ball 1-1: GRAND SLAM HOME RUN (Flyball, 9LD, EV 98.1 MPH), Distance : 350 ft
|
|
Batting: RHB Alex Koral
|
0-0: Ball 1-0: Foul Ball, location: 2F 1-1: Swinging Strike 1-2: Strikes out swinging
|
| Top of the 3rd over - 4 runs, 1 hit, 1 error, 0 left on base; Hudson Valley 4 - Los Angeles (NYP) 0 |
| BOTTOM OF THE 3RD |
|
Los Angeles (NYP) Angels batting - Pitching for Hudson Valley Renegades : RHP Cameron Bianchi
|
|
Batting: RHB Khalil Thurston
|
0-0: Ball 1-0: Swinging Strike 1-1: Ball 2-1: Foul Ball, location: 2F 2-2: Ball 3-2: Reached on error, E4 (Groundball, 4S, EV 91.2 MPH)
|
|
Batting: RHB David Rhodes
|
0-0: Ball 1-0: Ball 2-0: SINGLE (Groundball, 4MD, EV 94.4 MPH) Khalil Thurston to third
|
|
Batting: RHB Ron Major
|
0-0: Ball 1-0: Swinging Strike 1-1: Swinging Strike 1-2: Strikes out swinging
|
|
Batting: RHB Nick Lombardo
|
0-0: Foul Ball, location: 2F 0-1: Called Strike 0-2: Foul Ball, location: 2F 0-2: Ball 1-2: SINGLE (Groundball, 56D, EV 111.2 MPH) Khalil Thurston scores David Rhodes to second
|
|
Batting: RHB Ricky Mejicanos
|
0-0: Grounds into double play, 4-6-3 (Groundball, 4, EV 91.2 MPH)
|
| Bottom of the 3rd over - 1 run, 2 hits, 1 error, 1 left on base; Hudson Valley 4 - Los Angeles (NYP) 1 |
| TOP OF THE 4TH |
|
Hudson Valley Renegades batting - Pitching for Los Angeles (NYP) Angels : RHP Tim Mumpower
|
|
Batting: LHB Helmut Steggall
|
0-0: Called Strike 0-1: Ball 1-1: SOLO HOME RUN (Line Drive, 9D, EV 98.1 MPH), Distance : 391 ft
|
|
Batting: RHB Joe Hartigan
|
0-0: Ball 1-0: Ball 2-0: Called Strike 2-1: Swinging Strike 2-2: Fly out, F8 (Flyball, 8LD, EV 98.1 MPH)
|
|
Batting: RHB Evan Chalarian
|
0-0: Foul Ball, location: 2F 0-1: Called Strike 0-2: Ball 1-2: DOUBLE (Line Drive, 7LS, EV 101.2 MPH)
|
|
Batting: RHB Jesus Carrillo
|
0-0: Swinging Strike 0-1: Called Strike 0-2: Foul Ball, location: 2F 0-2: Ball 1-2: Foul Ball, location: 2F 1-2: Ground out U3 (Groundball, 13, EV 85.0 MPH) Evan Chalarian to third
|
|
Batting: LHB Dan Hunt
|
0-0: SINGLE (Line Drive, 78S, EV 110.6 MPH) Evan Chalarian scores
|
|
Pitching: LHP Chris Fuller
|
|
|
Batting: SHB Josif Popovski
|
0-0: Called Strike Dan Hunt steals 2nd base 0-1: Ball 1-1: Hit by Pitch
|
|
Batting: LHB Jonathan Spino
|
0-0: Ball 1-0: Swinging Strike 1-1: Called Strike 1-2: Foul Ball, location: 2F 1-2: Strikes out looking
|
| Top of the 4th over - 2 runs, 3 hits, 0 errors, 2 left on base; Hudson Valley 6 - Los Angeles (NYP) 1 |
| BOTTOM OF THE 4TH |
|
Los Angeles (NYP) Angels batting - Pitching for Hudson Valley Renegades : RHP Cameron Bianchi
|
|
Batting: RHB Kyler Seitz
|
0-0: TRIPLE (Line Drive, 8RXD, EV 101.2 MPH)
|
|
Batting: LHB Mutsuo IIda
|
0-0: Ball 1-0: Fly out, F7 (Flyball, 78XD, EV 98.8 MPH) Runner from 3rd tags up, SCORES, no throw by LF
|
|
Batting: RHB Dean LeCroy
|
0-0: Fly out, F7 (Flyball, 78M, EV 93.8 MPH)
|
|
Batting: RHB Dan Myers
|
0-0: Called Strike 0-1: Foul Ball, location: 2F 0-2: Strikes out swinging
|
| Bottom of the 4th over - 1 run, 1 hit, 0 errors, 0 left on base; Hudson Valley 6 - Los Angeles (NYP) 2 |
| TOP OF THE 5TH |
|
Hudson Valley Renegades batting - Pitching for Los Angeles (NYP) Angels : LHP Chris Fuller
|
|
Batting: LHB Rocky Crowley
|
0-0: Called Strike 0-1: Called Strike 0-2: Ball 1-2: Foul Ball, location: 2F 1-2: Strikes out swinging
|
|
Batting: RHB Alex Koral
|
0-0: Ball 1-0: Foul Ball, location: 2F 1-1: Ball 2-1: Called Strike 2-2: Strikes out looking
|
|
Batting: LHB Helmut Steggall
|
0-0: Foul Ball, location: 2F 0-1: Ball 1-1: Swinging Strike 1-2: Ball 2-2: Foul Ball, location: 2F 2-2: Ground out U3 (Groundball, 3, EV 102.5 MPH)
|
| Top of the 5th over - 0 runs, 0 hits, 0 errors, 0 left on base; Hudson Valley 6 - Los Angeles (NYP) 2 |
| BOTTOM OF THE 5TH |
|
Los Angeles (NYP) Angels batting - Pitching for Hudson Valley Renegades : RHP Cameron Bianchi
|
|
Batting: RHB Khalil Thurston
|
0-0: Ball 1-0: Ball 2-0: DOUBLE (Line Drive, 9LM, EV 98.8 MPH)
|
|
Batting: RHB David Rhodes
|
0-0: Ball 1-0: Called Strike 1-1: Swinging Strike 1-2: Ground out 5-3 (Groundball, 5L, EV 80.0 MPH)
|
|
Batting: RHB Ron Major
|
0-0: Fly out, F8 (Flyball, 8RD, EV 103.1 MPH) Runner from 2nd tags up, SAFE at 3rd with throw by CF
|
|
Batting: RHB Nick Lombardo
|
0-0: Ball 1-0: Called Strike 1-1: Swinging Strike Balk! Khalil Thurston scores 1-2: Ball 2-2: Ball 3-2: Strikes out looking
|
| Bottom of the 5th over - 1 run, 1 hit, 0 errors, 0 left on base; Hudson Valley 6 - Los Angeles (NYP) 3 |
| TOP OF THE 6TH |
|
Hudson Valley Renegades batting - Pitching for Los Angeles (NYP) Angels : LHP Chris Fuller
|
|
Batting: RHB Joe Hartigan
|
0-0: Swinging Strike 0-1: Ball 1-1: Foul Ball, location: 2F 1-2: Strikes out swinging
|
|
Batting: RHB Evan Chalarian
|
0-0: Called Strike 0-1: Ground out 5-3 (Groundball, 56S, EV 66.9 MPH)
|
|
Batting: RHB Jesus Carrillo
|
0-0: Ball 1-0: Called Strike 1-1: Ball 2-1: Ball 3-1: Called Strike 3-2: Foul Ball, location: 2F 3-2: Foul Ball, location: 2F 3-2: Base on Balls
|
|
Pitching: RHP Javier Carrasco
|
|
|
Batting: LHB Dan Hunt
|
0-0: SINGLE (Groundball, 25, EV 65.6 MPH) (infield hit) Jesus Carrillo to second
|
|
Batting: SHB Josif Popovski
|
0-0: Called Strike 0-1: Fly out, F8 (Flyball, 8LD, EV 97.5 MPH)
|
| Top of the 6th over - 0 runs, 1 hit, 0 errors, 2 left on base; Hudson Valley 6 - Los Angeles (NYP) 3 |
| BOTTOM OF THE 6TH |
|
Los Angeles (NYP) Angels batting - Pitching for Hudson Valley Renegades : RHP Cameron Bianchi
|
|
Batting: RHB Ricky Mejicanos
|
0-0: Ball 1-0: Foul Ball, location: 2F 1-1: Ground out 5-3 (Groundball, 56S, EV 69.4 MPH)
|
|
Batting: RHB Kyler Seitz
|
0-0: Ball 1-0: Ground out 5-3 (Groundball, 56, EV 83.1 MPH)
|
|
Batting: LHB Mutsuo IIda
|
0-0: Ball 1-0: TRIPLE (Line Drive, 89XD, EV 100.0 MPH)
|
|
Batting: RHB Dean LeCroy
|
0-0: TRIPLE (Flyball, 8RXD, EV 96.2 MPH) Mutsuo IIda scores
|
|
Batting: RHB Dan Myers
|
0-0: Called Strike 0-1: Ball 1-1: Foul Ball, location: 2F 1-2: Ball 2-2: Ground out 6-3 (Groundball, 6, EV 101.9 MPH)
|
| Bottom of the 6th over - 1 run, 2 hits, 0 errors, 1 left on base; Hudson Valley 6 - Los Angeles (NYP) 4 |
| TOP OF THE 7TH |
|
Hudson Valley Renegades batting - Pitching for Los Angeles (NYP) Angels : RHP Javier Carrasco
|
|
Batting: LHB Jonathan Spino
|
0-0: Ball 1-0: Foul Ball, location: 2F 1-1: Foul Ball, location: 2F 1-2: Ball 2-2: Foul Ball, location: 2F 2-2: Fly out, F5 (Popup, 25F, EV 95.0 MPH)
|
|
Batting: LHB Rocky Crowley
|
0-0: Ball 1-0: Called Strike 1-1: Ball 2-1: Foul Ball, location: 2F 2-2: Strikes out swinging
|
|
Batting: RHB Alex Koral
|
0-0: Swinging Strike 0-1: Foul Ball, location: 2F 0-2: DOUBLE (Line Drive, 5D, EV 98.8 MPH)
|
|
Batting: LHB Helmut Steggall
|
0-0: Ball 1-0: Ball Passed Ball! Alex Koral to third 2-0: Foul Ball, location: 2F 2-1: Ball 3-1: DOUBLE (Line Drive, 7LD, EV 111.9 MPH) Alex Koral scores
|
|
Batting: RHB Joe Hartigan
|
0-0: Ball 1-0: Ball 2-0: Ball 3-0: Called Strike 3-1: Foul Ball, location: 2F 3-2: Strikes out swinging
|
| Top of the 7th over - 1 run, 2 hits, 0 errors, 1 left on base; Hudson Valley 7 - Los Angeles (NYP) 4 |
| BOTTOM OF THE 7TH |
|
Los Angeles (NYP) Angels batting - Pitching for Hudson Valley Renegades : RHP Cameron Bianchi
|
|
Batting: RHB Khalil Thurston
|
0-0: Called Strike 0-1: Fly out, F9 (Flyball, 9S, EV 96.9 MPH)
|
|
Batting: RHB David Rhodes
|
0-0: Foul Ball, location: 2F 0-1: Foul Ball, location: 2F 0-2: Ball 1-2: Ball 2-2: Foul Ball, location: 2F 2-2: Strikes out swinging
|
|
Batting: RHB Ron Major
|
0-0: Foul Ball, location: 2F 0-1: Called Strike 0-2: Ball 1-2: Strikes out looking
|
| Bottom of the 7th over - 0 runs, 0 hits, 0 errors, 0 left on base; Hudson Valley 7 - Los Angeles (NYP) 4 |
| TOP OF THE 8TH |
|
Hudson Valley Renegades batting - Pitching for Los Angeles (NYP) Angels : RHP Javier Carrasco
|
|
Batting: RHB Evan Chalarian
|
0-0: Called Strike 0-1: Ball 1-1: Foul Ball, location: 2F 1-2: SINGLE (Line Drive, 89S, EV 109.4 MPH)
|
|
Pitching: RHP In Bea
|
|
|
Batting: RHB Jesus Carrillo
|
0-0: Ball 1-0: Called Strike 1-1: Fielders Choice at 2nd, 4-6 (Groundball, 4S, EV 81.9 MPH)
|
|
Batting: LHB Dan Hunt
|
0-0: Called Strike 0-1: Foul Ball, location: 2F 0-2: Ball 1-2: Strikes out swinging
|
|
Batting: SHB Josif Popovski
|
0-0: Ball 1-0: Called Strike 1-1: SINGLE (Groundball, 25, EV 71.9 MPH) (infield hit) Jesus Carrillo to second
|
|
Batting: LHB Jonathan Spino
|
0-0: Called Strike 0-1: Ball 1-1: Swinging Strike 1-2: Ball 2-2: Foul Ball, location: 2F 2-2: Ground out 4-3 (Groundball, 34, EV 103.8 MPH)
|
| Top of the 8th over - 0 runs, 2 hits, 0 errors, 2 left on base; Hudson Valley 7 - Los Angeles (NYP) 4 |
| BOTTOM OF THE 8TH |
|
Los Angeles (NYP) Angels batting - Pitching for Hudson Valley Renegades : RHP Cameron Bianchi
|
|
Batting: RHB Nick Lombardo
|
0-0: Ball 1-0: Foul Ball, location: 2F 1-1: Ball 2-1: SINGLE (Flyball, 9LS, EV 96.2 MPH)
|
|
Batting: RHB Ricky Mejicanos
|
0-0: Foul Ball, location: 2F 0-1: Ball 1-1: Swinging Strike 1-2: Ball 2-2: SINGLE (Groundball, 4MD, EV 109.4 MPH) Nick Lombardo to second Runner from 2nd tries for 3rd, SAFE, throw by CF made to third
|
|
Batting: RHB Kyler Seitz
|
0-0: Called Strike 0-1: Foul Ball, location: 2F 0-2: Ball 1-2: Foul Ball, location: 2F 1-2: Strikes out swinging
|
|
Pitching: LHP Hugo Aquino
|
|
|
Batting: LHB Mutsuo IIda
|
0-0: Ball 1-0: Called Strike 1-1: Ball Passed Ball! Nick Lombardo scores Ricky Mejicanos to second 2-1: Foul Ball, location: 2F 2-2: Ball 3-2: Strikes out looking
|
|
Pitching: RHP Alex Aguilar
|
|
|
Batting: RHB Dean LeCroy
|
0-0: Ball 1-0: Fly out, F8 (Flyball, 8LM, EV 86.2 MPH)
|
| Bottom of the 8th over - 1 run, 2 hits, 0 errors, 1 left on base; Hudson Valley 7 - Los Angeles (NYP) 5 |
| TOP OF THE 9TH |
|
Hudson Valley Renegades batting - Pitching for Los Angeles (NYP) Angels : RHP In Bea
|
|
Batting: LHB Rocky Crowley
|
0-0: Ground out U3 (Groundball, 34D, EV 95.6 MPH)
|
|
Batting: RHB Alex Koral
|
0-0: Foul Ball, location: 2F 0-1: Ground out 6-3 (Groundball, 6, EV 85.6 MPH)
|
|
Batting: LHB Helmut Steggall
|
0-0: Swinging Strike 0-1: Foul Ball, location: 2F 0-2: Ball 1-2: Strikes out looking
|
| Top of the 9th over - 0 runs, 0 hits, 0 errors, 0 left on base; Hudson Valley 7 - Los Angeles (NYP) 5 |
| BOTTOM OF THE 9TH |
|
Los Angeles (NYP) Angels batting - Pitching for Hudson Valley Renegades : RHP Alex Aguilar
|
|
Pitching: LHP Matt Bayer
|
|
|
Now in RF: Chris Lockart
|
|
|
Batting: RHB Dan Myers
|
0-0: Hit by Pitch
|
|
Batting: RHB Khalil Thurston
|
0-0: Foul Ball, location: 2F 0-1: Ball 1-1: Fly out, F7 (Flyball, 7D, EV 96.2 MPH)
|
|
Batting: RHB David Rhodes
|
0-0: Called Strike 0-1: Foul Ball, location: 2F 0-2: DOUBLE (Flyball, 78D, EV 97.5 MPH) Dan Myers to third
|
|
Batting: RHB Ron Major
|
0-0: Ball 1-0: Foul Ball, location: 2F 1-1: Foul Ball, location: 2F 1-2: Fly out, F8 (Flyball, 8RM, EV 88.8 MPH)
|
|
Batting: RHB Nick Lombardo
|
0-0: Fly out, F8 (Flyball, 78D, EV 100.0 MPH)
|
| Bottom of the 9th over - 0 runs, 1 hit, 0 errors, 2 left on base; Hudson Valley 7 - Los Angeles (NYP) 5 |
|